 Dungeon Crawl Stone Soup version 0.27.0-1-g7a089689b8 (webtiles) character file.

Game seed: 14814183085278417246

67 Delamore the Shield-Bearer (level 4, 0/29 HPs)
             Began as a Gargoyle Fighter on Aug 9, 2021.
             Slain by a goblin (3 damage)
             ... led by Robin
             ... on level 2 of the Dungeon.
             The game lasted 00:01:20 (1969 turns).

Delamore the Shield-Bearer (Gargoyle Fighter)       Turns: 1969, Time: 00:01:20

Health: 0/29       AC: 11    Str: 20    XL:     4   Next: 18%
Magic:  4/4        EV:  7    Int:  9    God:
Gold:   75         SH:  9    Dex:  9    Spells: 3/3 levels left

rFire    . . .     SeeInvis .   a - +0 flail
rCold    . . .     Faith    .   c - +0 kite shield
rNeg     + . .     Spirit   .   b - +0 scale mail
rPois    ∞         Reflect  .   g - +0 helmet
rElec    +         Harm     .   e - scarf {repulsion}
rCorr    .         Rampage  .   (no gloves)
Will     .....                  (no boots)
Stlth    ..........             (no amulet)
HPRegen  0.09/turn              (no ring)
MPRegen  0.09/turn              (no ring)

@: brilliant, repel missiles
A: sickness immunity, AC +3, negative energy resistance 1, electricity
resistance, torment resistance 1, petrification resistance
a: no special abilities


You were on level 2 of the Dungeon.
You visited 1 branch of the dungeon, and saw 2 of its levels.

You collected 75 gold pieces.

Inventory:

Hand Weapons
 a - a +0 flail (weapon)
Armour
 b - a +0 scale mail (worn)
 c - a +0 kite shield (worn)
 e - a scarf of repulsion (worn)
 g - a +0 helmet (worn)
Scrolls
 h - a scroll of torment {unknown}
 i - a scroll of amnesia {unknown}
 k - a scroll of teleportation {unknown}
 m - a scroll of brand weapon {unknown}
Potions
 d - a potion of might
 f - a potion of curing {unknown}
 j - 2 potions of brilliance
 l - a potion of cancellation {unknown}
 n - 2 potions of flight {unknown}


   Skills:
 + Level 3.9 Fighting
 * Level 3.3 Maces & Flails
 - Level 3.2 Armour
 + Level 3.9 Shields


You had 3 spell levels left.
You didn't know any spells.
Your spell library contained the following spells:

 Spells                   Type           Power      Damage    Failure   Level
 Apportation              Tloc           0%         N/A       99%         1
 Alistair's Intoxication  Tmut/Pois      0%         N/A       100%        5
 Invisibility             Hex            0%         N/A       100%        6


Dungeon Overview and Level Annotations

Branches:
Dungeon (2/15)

Altars:

Annotations:
D:2 Robin


Innate Abilities, Weirdness & Mutations

You are immune to sickness and miasma.
Your stone body is resilient. (AC +3)
You are immune to poison.
You resist negative energy. (rN+)
You are resistant to electric shocks. (rElec)
You are resistant to unholy torment.
You are immune to petrification.


Message History

You block the goblin's attack. You block the hobgoblin's attack.
The goblin hits you but does no damage.
Robin hits you from afar with a +0 trident.
The goblin barely misses you.
The hobgoblin hits you but does no damage.
The hobgoblin completely misses you.
The goblin hits you with a +2 dagger of flaming.
The goblin burns you.
The goblin hits you but does no damage. x2
You are too injured to fight recklessly!
You closely miss the goblin.
Robin hits you from afar with a +0 trident.
You block the hobgoblin's attack. The goblin hits you but does no damage.
The goblin misses you. The goblin hits you with a +0 dagger.
The hobgoblin hits you but does no damage.
You block the goblin's attack.
You sock the goblin!
You kill the goblin!
You block Robin's attack. The hobgoblin hits you.
* * * LOW HITPOINT WARNING * * *
You block the goblin's attack. The goblin closely misses you.
You block the hobgoblin's attack. The goblin hits you but does no damage.
Robin throws the goblin at you! The hobgoblin barely misses you.
The goblin completely misses you. The goblin hits you but does no damage.
The hobgoblin hits you but does no damage.
The goblin hits you but does no damage. The goblin barely misses you.
You hit the goblin.
The goblin is severely wounded.
You block the hobgoblin's attack. The goblin barely misses you.
You block the goblin's attack. The hobgoblin barely misses you.
The goblin hits you but does no damage. The goblin hits you with a +0 dagger.
* * * LOW HITPOINT WARNING * * *
Okay, then.
You aren't carrying any items that you can evoke.
Unknown command.
It was a potion of brilliance.
You feel clever all of a sudden. You block Robin's attack.
The hobgoblin hits you.
* * * LOW HITPOINT WARNING * * *
The goblin hits you with a +0 dagger.
You die...

##..# #..# #..#
#..####
############
#...†..
#..........#
##.....
#....ggg...#
#>....
#....gggg..#
#.....
#....gg@g..#
#.....
############g###
##....
#........# #.#
#.†..
#........###'###
#.)..
#..............#
#....
#..............#
#....
#..............#
#....
#..............#
####'
#..............#
#.


You could see Robin, 3 hobgoblins and 7 goblins.

Vanquished Creatures
  An adder (D:2)
  2 worms (D:2)
  3 ball pythons (D:1)
  3 endoplasms
  4 giant cockroaches (D:1)
  4 goblins
  7 hobgoblins
  4 jackals (D:1)
  2 quokkas (D:1)
  3 bats
  A frilled lizard (D:2)
  9 kobolds
  6 rats
49 creatures vanquished.

Vanquished Creatures (others)
  A plant (D:2)
1 creature vanquished.

Grand Total: 50 creatures vanquished

Notes
Turn   | Place    | Note
-------+----------+-------------------------------------------
     0 | D:1      | Delamore the Gargoyle Fighter began the quest for the Orb.
     0 | D:1      | Reached XP level 1. HP: 14/14 MP: 1/1
   295 | D:1      | Reached XP level 2. HP: 15/19 MP: 2/2
   869 | D:1      | Reached XP level 3. HP: 23/23 MP: 3/3
  1558 | D:2      | Found a faded altar of an unknown god.
  1780 | D:2      | Reached XP level 4. HP: 29/29 MP: 4/4
  1961 | D:2      | Noticed Robin
  1969 | D:2      | Slain by a goblin

Illustrated notes

Levels and vault maps discovered:
D:1:      minmay_arrival_open_corners, layout_basic
D:2:      minmay_wonky_spiral, layout_basic,
          chequers_ecumenical_altar_simple_redux, corexii_shack,
          uniq_crazy_yiuf_cottage, uniq_robin

Skill      XL: |  1  2  3 |
---------------+----------+-----
Maces & Flails | 3 |  3.3
Fighting       | |  3.9
Armour         | |  3.2
Shields        | |  3.9

Action                   |  1- 3 |  4- 6 || total
-------------------------+-------+-------++-------
Melee: Flail             |   177 |    18 ||   195
  Use: Potion            |       |     1 ||     1
Armor: Scale mail        |   116 |    23 ||   139
Dodge: Dodged            |    61 |    14 ||    75
       Repelled          |       |     1 ||     1
Block: Kite shield       |   126 |    20 ||   146
